 Dungeon Crawl Stone Soup version 0.21.1-1-g345015f (webtiles) character file.

46 EuclidGuy the Grave Robber (level 3, -4/31 HPs)
             Began as a Deep Dwarf Necromancer on July 6, 2018.
             Slain by a worm (8 damage)
             ... on level 2 of the Dungeon.
             The game lasted 00:12:26 (1114 turns).

EuclidGuy the Grave Robber (Deep Dwarf Necromancer) Turns: 1114, Time: 00:12:26

Health: -4/31      AC:  2    Str: 11    XL:     3   Next: 44%
Magic:  1/5        EV: 13    Int: 16    God:
Gold:   63         SH:  0    Dex: 13    Spells: 4/6 levels left

rFire    . . .     SeeInvis .   h - +0 hunting sling (freeze)
rCold    . . .     Gourm    .   (no shield)
rNeg     . . .     Faith    .   a - +0 robe
rPois    .         Spirit   .   (no helmet)
rElec    .         Reflect  .   (no cloak)
rCorr    .         Harm     .   (no gloves)
MR       .....                  (no boots)
Stlth    +++.......             (no amulet)
HPRegen  0.00/turn              e - ring of stealth
MPRegen  0.09/turn              (no ring)

@: non-regenerating
A: damage resistance, heal wounds, sense surroundings 1, no regeneration
a: Heal Wounds


You were on level 2 of the Dungeon.
You were hungry.

You visited 1 branch of the dungeon, and saw 2 of its levels.

You collected 63 gold pieces.

Inventory:

Hand Weapons
 h - a +0 hunting sling of freezing (weapon)
Missiles
 n - 35 stones (quivered)
Armour
 a - a +0 robe (worn)
 f - a +0 robe
 l - a +0 robe
Jewellery
 e - a ring of stealth (left hand)
 o - a +2 ring of strength {unknown}
Scrolls
 g - 2 scrolls of teleportation {unknown}
 i - 2 scrolls of enchant weapon {unknown}
 k - 2 scrolls of blinking {unknown}
 m - a scroll of immolation {unknown}
 q - a scroll of identify {unknown}
 s - a scroll of enchant armour {unknown}
Potions
 d - 3 potions of curing {unknown}
 j - a potion of mutation {unknown}
 r - 2 potions of agility {unknown}
Books
 b - a book of Necromancy

   Spells                             Type                      Level
   a - Pain                           Necromancy                   1
   b - Animate Skeleton               Necromancy                   1
   c - Vampiric Draining              Necromancy                   3
   d - Regeneration                   Charms/Necromancy            3
   e - Animate Dead                   Necromancy                   4
   f - Borgnjor's Vile Clutch         Necromancy/Earth             5
Comestibles
 c - a ration
 p - 2 chunks of flesh


   Skills:
 + Level 1.0 Fighting
 + Level 2.8 Dodging
 - Level 2.4 Stealth
 + Level 2.1 Spellcasting
 * Level 5.0 Necromancy


You had 4 spell levels left.
You knew the following spells:

 Your Spells              Type           Power        Failure   Level  Hunger
a - Pain                  Necr           ###.         2%          1    #......
b - Animate Skeleton      Necr           N/A          2%          1    #......


Dungeon Overview and Level Annotations

Branches:
Dungeon (2/15)

Altars:


Innate Abilities, Weirdness & Mutations

You are resistant to damage.
You can heal yourself by infusing magical energy.
You passively map a small area around you.
You do not regenerate.


Message History

The worm is heavily wounded.
Firing (i - inventory):
n - 38 stones (quivered)
Press: ? - help, Shift-Dir - straight line, f/p - worm
Aim: a worm (heavily wounded)
You shoot a stone. The stone hits the worm.
The stone freezes the worm.
The worm is severely wounded.
The worm bites you!
* * * LOW HITPOINT WARNING * * *
Firing (i - inventory):
n - 37 stones (quivered)
Press: ? - help, Shift-Dir - straight line, f/p - worm
Aim: a worm (severely wounded)
You shoot a stone. The stone barely misses the worm.
Firing (i - inventory):
n - 36 stones (quivered)
Press: ? - help, Shift-Dir - straight line, f/p - worm
Aim: a worm (severely wounded)
You shoot a stone.
The stone hits the worm but does no damage.
The worm is severely wounded.
The worm bites you!
You die...

####........##...#
**#####+#.###...# ,
........# #...., * , *
.......<# ###.##* * ,
* ........#
##+#######. ........#
#.......... *
........# #..........
........####.......((.
#####(#).@w(....(.....
* ...#.####..........
* *
,..####...............
, .., #......[.####..[
. * *#........# * .. ,
, ....######## ,. ,
###### , , * , , ,*


You could see a worm.

Vanquished Creatures
  An adder (D:2)
  A dart slug (D:1)
  A leopard gecko (D:1)
  A ball python (D:1)
  3 giant cockroaches
  5 goblins
  2 hobgoblins (D:1)
  A quokka (D:2)
  4 bats
  4 frilled lizards
  5 kobolds (D:1)
  3 rats
31 creatures vanquished.

Vanquished Creatures (collateral kills)
  A hobgoblin (D:1)
1 creature vanquished.

Grand Total: 32 creatures vanquished

Notes
Turn   | Place    | Note
-------+----------+-------------------------------------------
     0 | D:1      | EuclidGuy the Deep Dwarf Necromancer began the quest for the Orb.
     0 | D:1      | Reached XP level 1. HP: 15/15 MP: 3/3
     9 | D:1      | Learned a level 1 spell: Animate Skeleton
   216 | D:1      | Reached XP level 2. HP: 12/24 MP: 3/3
   729 | D:1      | Reached XP level 3. HP: 13/30 MP: 0/5
  1109 | D:2      | Reached skill level 1 in Fighting
  1109 | D:2      | Reached skill level 5 in Necromancy
  1114 | D:2      | Slain by a worm

Skill      XL: |  1  2  3 |
---------------+----------+-----
Spellcasting   | 2 |  2.1
Fighting       | 1 |  1.0
Necromancy     | 5 |  5.0
Dodging        | |  2.8
Stealth        | |  2.4

Action                   || total
-------------------------++-------
Melee: Unarmed           ||    36
       Hunting sling     ||     1
 Fire: Hunting sling     ||     6
 Cast: Pain              ||    47
       Animate Skeleton  ||     3
 Abil: Heal Wounds       ||     1
  Eat: Chunk             ||     1
Armor: Robe              ||     9
Dodge: Dodged            ||    22
